 Dungeon Crawl Stone Soup version 0.29.1-2-gbd0b4ee654 (webtiles) character file.

Game seed: 8996236294164843353

265 NinjaNoafa the Chopper (level 5, -2/67 HPs)
             Began as a Minotaur Fighter on Nov 18, 2022.
             Slain by a gnoll
             ... wielding a +0 flail
              (5 damage)
             ... on level 2 of the Dungeon.
             The game lasted 00:02:14 (1161 turns).

NinjaNoafa the Chopper (Minotaur Fighter)           Turns: 1161, Time: 00:02:14

Health: -2/67      AC: 22    Str: 22    XL:     5   Next: 99%
Magic:  4/4        EV:  2    Int:  5    God:
Gold:   86         SH:  4    Dex: 10    Spells: 4/4 levels left

rFire   . . .      SeeInvis .   a - +0 war axe
rCold   . . .      Faith    .   c - +0 buckler
rNeg    . . .      Spirit   .   (body armour currently unavailable)
rPois   +          Reflect  .   (helmet currently unavailable)
rElec   .          Harm     .   (cloak currently unavailable)
rCorr   .          Rampage  .   (gloves currently unavailable)
Will    .....      NoTele   +   (boots currently unavailable)
Stlth   +.........              (no amulet)
HPRegen 0.21/turn               (no ring)
MPRegen 0.09/turn               (no ring)

@: brilliant, tree-form
A: stationary, stasis, torment immunity, boosted hp, (horns 2), (retaliatory
headbutt)
a: no special abilities


You were on level 2 of the Dungeon.
You were a tree.
You visited 1 branch of the dungeon, and saw 2 of its levels.

You collected 86 gold pieces.

Inventory:

Hand Weapons
 a - a +0 war axe (weapon)
Missiles
 f - 3 stones (quivered)
 n - 2 poisoned darts
 o - 4 javelins
Armour
 b - a +0 scale mail (melded)
 c - a +0 buckler (worn)
 e - a +1 hat (melded)
Scrolls
 g - a scroll of identify {unknown}
 i - a scroll of fog {unknown}
 j - a scroll of silence {unknown}
 k - a scroll of immolation {unknown}
 q - a scroll of blinking {unknown}
Potions
 m - a potion of curing {unknown}
 p - a potion of mutation {unknown}


   Skills:
 - Level 3.6 Fighting
 + Level 7.6 Axes
 - Level 3.6 Armour
 - Level 3.6 Shields


You had 4 spell levels left.
You didn't know any spells.
Your spell library contained the following spells:

 Spells                   Type           Power      Damage    Failure   Level
 Animate Dead             Necr           0%         N/A       100%        4
 Borgnjor's Vile Clutch   Necr/Erth      0%         N/A       100%        5
 Death Channel            Necr           0%         N/A       100%        6


Dungeon Overview and Level Annotations

Branches:
Dungeon (2/15)

Altars:

Annotations:
D:2 Robin


Innate Abilities, Weirdness & Mutations

You are a tree.
Your roots penetrate the ground, keeping you stationary.
You cannot be teleported.
You are immune to unholy pain and torment.
Your maximum health is greatly increased.
Your equipment is partially melded.
((You have a pair of horns on your head.))
((You reflexively headbutt those who attack you in melee.))


Message History

You hit the bat but do no damage. The bat hits you but does no damage. x2
You block Robin's attack.
The gnoll hits you from afar with a +0 halberd!
You hit the gnoll but do no damage. You hit the bat. The bat hits you.
Robin says, "Feeling lonely?"
Robin hits you but does no damage.
The gnoll hits you but does no damage. x2
The bat hits you but does no damage.
You are too injured to fight recklessly!
You are too injured to fight recklessly!
You are too injured to fight recklessly!
You are too injured to fight recklessly!
You are too injured to fight recklessly!
You closely miss the gnoll. You slash the bat!
You kill the bat!
Robin hits you but does no damage. The gnoll hits you with a +0 flail.
The gnoll hits you from afar with a +0 halberd!
You closely miss the gnoll. x2; Robin hits you but does no damage.
The gnoll hits you with a +0 club.
* * * LOW HITPOINT WARNING * * *
The gnoll hits you but does no damage.
The gnoll hits you from afar with a +0 halberd.
* * * LOW HITPOINT WARNING * * *
Robin completely misses you. The gnoll hits you but does no damage.
You block the gnoll's attack. The gnoll hits you with a +0 flail.
* * * LOW HITPOINT WARNING * * *
You hit the gnoll.
The gnoll is heavily wounded.
You completely miss the gnoll. Robin hits you but does no damage.
The gnoll hits you with a +0 flail.
* * * LOW HITPOINT WARNING * * *
The gnoll hits you but does no damage.
The gnoll hits you from afar with a +0 halberd.
* * * LOW HITPOINT WARNING * * *
The rat twitches its whiskers.
It was a potion of brilliance.
You feel clever all of a sudden. You block Robin's attack.
The gnoll hits you with a +0 club.
* * * LOW HITPOINT WARNING * * *
The gnoll hits you with a +0 flail.
You die...

#. #..#
####.###...## ###.#
#. ##.# #..##.###
#####.. #.###
##....#####.>....
#...#
##....#....#####
###.### #.##...####
#...####.#.......#
###........#####...#
#########)..#### #.#
.....Brgā™£......# #
#.....gg######..#
......g## .# .......
.# ....... ..
....... # .......
....... .......


You could see Robin, 3 gnolls, a giant cockroach and a rat.

Vanquished Creatures
  Sigmund (D:2)
  An adder (D:2)
  3 gnolls (D:2)
  3 dart slugs
  4 orcs (D:2)
  4 endoplasms
  4 giant cockroaches
  9 goblins
  6 hobgoblins
  3 kobolds (D:1)
  2 quokkas
  3 ball pythons
  5 bats
  A frilled lizard (D:1)
  A rat (D:1)
50 creatures vanquished.

Vanquished Creatures (others)
  A plant (D:1)
1 creature vanquished.

Grand Total: 51 creatures vanquished

Notes
Turn   | Place    | Note
-------+----------+-------------------------------------------
     0 | D:1      | NinjaNoafa the Minotaur Fighter began the quest for the
                  | Orb.
     0 | D:1      | Reached XP level 1. HP: 19/19 MP: 0/0
   114 | D:1      | Reached skill level 3 in Axes
   197 | D:1      | Reached XP level 2. HP: 26/26 MP: 1/1
   252 | D:1      | Found a faded altar of an unknown god.
   284 | D:1      | You fall into a shaft and drop 1 floor!
   352 | D:2      | Reached skill level 4 in Axes
   354 | D:2      | Reached XP level 3. HP: 22/31 MP: 2/2
   487 | D:2      | Noticed Sigmund
   506 | D:2      | Killed Sigmund
   507 | D:2      | Reached skill level 6 in Axes
   507 | D:2      | Reached XP level 4. HP: 17/39 MP: 3/3
   507 | D:2      | Reached XP level 5. HP: 19/45 MP: 4/4
   712 | D:1      | Reached skill level 7 in Axes
  1123 | D:2      | Noticed Robin
  1161 | D:2      | HP: 3/67 [gnoll/+0 club (2)]
  1161 | D:2      | Slain by a gnoll

Illustrated notes

Levels and vault maps discovered:
D:1:      giann_bridges, layout_loops_cross,
          shapermc_ecumenical_altar_mp_vishouse
D:2:      layout_rooms, st_stairs_11, uniq_sigmund, uniq_robin

Skill      XL: |  1  2  3  4  5 |
---------------+----------------+-----
Axes           | 3 4 6 7 |  7.6
Fighting       | |  3.6
Armour         | |  3.6
Shields        | |  3.6

Action                   |  1- 3 |  4- 6 || total
-------------------------+-------+-------++-------
Melee: War axe           |    39 |    48 ||    87
       Headbutt          |     4 |     7 ||    11
  Use: Potion            |     1 |     3 ||     4
Armor: Scale mail        |     6 |    40 ||    46
       Skin              |       |    25 ||    25
Dodge: Dodged            |    22 |    36 ||    58
Block: Buckler           |     8 |    16 ||    24
